 Dungeon Sprint DCSS version 0.23-a0-143-g1adec7b (webtiles) character file.

18309 Faca the Warrior (level 12, -8/119 HPs)
             Began as a Formicid Fighter on Sept 1, 2018.
             Was the Champion of the Shining One.
             Mangled by Oruceola the pandemonium lord (14 damage)
             ... in the Dungeon (Sprint V: "Ziggurat Sprint").
             The game lasted 00:11:38 (2556 turns).

Faca the Warrior (Formicid Fighter)                 Turns: 2556, Time: 00:11:38

Health: -8/119     AC: 29    Str: 31      XL:     12   Next: 93%
Magic:  0/21       EV:  6    Int: 13 (18) God:    the Shining One [******]
Gold:   0          SH: 22    Dex: 14      Spells: 11/11 levels left

rFire    + . .     SeeInvis +   p - +7 battleaxe (holy)
rCold    + . .     Gourm    .   o - +3 shield
rNeg     + + +     Faith    .   l - +9 gold dragon scales
rPois    +         Spirit   .   (helmet unavailable)
rElec    .         Reflect  +   m - +0 cloak "Emiwkinnur" {*Corrode MR+ Int+7 Dex+4}
rCorr    .         Harm     .   (no gloves)
MR       ++...                  (no boots)
Stlth    ..........             c - amulet "Nutad" {Reflect +Fly SH+5}
HPRegen  0.29/turn              j - ring "Gucotaph" {Int+2 Slay+4}
MPRegen  0.17/turn              L - +6 ring of strength

@: weakened, glowing
A: permanent stasis, dig shafts and tunnels, four strong arms, antennae 3
a: Dig, Divine Shield, Cleansing Flame, Summon Divine Warrior, Renounce
Religion, Evoke Flight


You were in the Dungeon.
You worshipped the Shining One.
The Shining One was exalted by your worship.
You were not hungry.

You visited 1 branch

Inventory:

Hand Weapons
 a - a +2 flail of crushing
 p - a +7 battleaxe of holy wrath (weapon)
 r - a +5 executioner's axe
 s - a +5 great mace
 N - the +7 great mace "Firestarter" {inner flame, rF++}
   (You found it in the Dungeon)

   It has been specially enchanted to burn those struck by it, causing extra
   injury to most foes and up to half again as much damage against particularly
   susceptible opponents.
   It greatly protects you from fire.
 P - the +8 lance "Wyrmbane" {slay drac, rPois rF+ rC+ AC+3}
   (You found it in the Dungeon)

   It affects your AC (+3).
   It protects you from fire.
   It protects you from cold.
   It protects you from poison.
Armour
 k - the +1 large shield "Jivuc" {rF+ SInv}
   (You took it off an orc sorcerer in the Dungeon)

   It protects you from fire.
   It lets you see invisible.
 l - +9 gold dragon scales (worn)
 m - the +0 cloak "Emiwkinnur" (worn) {*Corrode MR+ Int+7 Dex+4}
   (You found it in the Dungeon)

   It affects your intelligence (+7).
   It affects your dexterity (+4).
   It affects your resistance to hostile enchantments.
   It may corrode you when you take damage.
 o - a +3 shield (worn)
 O - the +18 shield of the Gong {rElec rN+ MR+ EV-5}
   (You found it in the Dungeon)

   It affects your evasion (-5).
   It insulates you from electricity.
   It protects you from negative energy.
   It affects your resistance to hostile enchantments.
Jewellery
 b - the ring of Ibbais {rF+ rN++ Stlth-}
   (You found it in the Dungeon)

   [ring of attention]

   It protects you from fire.
   It greatly protects you from negative energy.
   It makes you less stealthy.
 c - the amulet "Nutad" (around neck) {Reflect +Fly SH+5}
   (You found it in the Dungeon)

   [amulet of reflection]

   It shields you and reflects attacks.
   It lets you fly.
   It affects your SH (+5).
 j - the ring "Gucotaph" (left hand) {Int+2 Slay+4}
   (You found it in the Dungeon)

   [ring of slaying]

   It affects your intelligence (+2).
   It affects your accuracy and damage with ranged weapons and melee attacks
   (+4).
 t - the ring "Ditro" {MR+ Int+3}
   (You found it in the Dungeon)

   [ring of protection from magic]

   It affects your intelligence (+3).
   It affects your resistance to hostile enchantments.
 L - a +6 ring of strength (right hand)
Wands
 E - a wand of disintegration (7)
 F - a wand of iceblast (7)
 G - a wand of acid (7)
Scrolls
 u - 6 scrolls of fog
 w - 5 scrolls of identify
 x - 5 scrolls of remove curse
 y - 2 scrolls of fear
Potions
 d - 6 potions of might
 e - 10 potions of curing
 g - 6 potions of heal wounds
 i - 7 potions of magic
 z - 2 potions of brilliance
 B - 4 potions of resistance
 D - 5 potions of agility
Comestibles
 f - 6 rations


   Skills:
 + Level 19.2 Fighting
 + Level 16.6(16.8) Axes
 - Level 4.1(11.9) Maces & Flails
 - Level 13.1 Armour
 + Level 12.4 Shields
 + Level 13.1 Invocations


You had 11 spell levels left.
You didn't know any spells.
Your spell library was empty.

Dungeon Overview and Level Annotations

Branches:
Dungeon (1/1)

Altars:
Ashenzari
Cheibriados
Dithmenos
Elyvilon
Fedhas
Gozag
Hepliaklqana
Kikubaaqudgha
Makhleb
Nemelex Xobeh
Okawaru
Qazlal
Ru
Sif Muna
Trog
Uskayaw
Vehumet
Wu Jian
Xom
Yredelemnul
Zin
The Shining One
Beogh
Jiyva
Lugonu


Innate Abilities, Weirdness & Mutations

You cannot be hasted, slowed, berserked, paralysed or teleported.
You can dig through walls and to a lower floor.
Your four strong arms can wield two-handed weapons with a shield.
You have a pair of large antennae on your head. (SInv)


Message History

Oruceola is lost in a daze.
The gelid black sun is lost in a daze.
Your daeva barely misses Dunuh.
Your daeva completely misses Dunuh.
You hit Oruceola but do no damage.
Oruceola is moderately wounded.
You slice the sun demon!!
You kill the sun demon!
The Shining One accepts your kill.
You feel better.
You feel your power returning.
You miss Dunuh. Oruceola hits you!!
* * * LOW HITPOINT WARNING * * *
You feel as though you will be weak longer.
Dunuh hits you!
* * * LOW HITPOINT WARNING * * *
You feel your power leaking away.
You feel as though you will be weak longer.
The gelid warmonger hits you but does no damage.
The neqoxec gestures at you.
You feel dopey. Something feeds on your intellect! Oruceola hits you!
You die...

=}?}?"..▓▓.....▓.....▓.
▓...........▓▓.....▓..)..▓.
▓...........▓▓.....▓.....▓.
▓...........▓▓.†...▓..)..▓.
▓...........▓▓..©..▓..©..▓▓
▓.......3...▓▓▓▓▓▓▓▓▓▓▓▓▓▓▓
▓..▓....6▓46▓..8©8...▓..8©8
▓........&&.▓..|))...▓..|})
▓.....©.A.@.▓...[....▓..[.:
▓▓▓▓▓▓▓▓▓▓▓▓▓........▓.....
▓....8©8....▓........▓.....
▓..}.:).)}..▓.▓†...▓.▓.▓...
▓....|)|::..▓...©....▓...©.
▓...........▓▓▓▓▓▓▓▓▓▓▓▓▓▓▓
{
▓...........▓...8©8...▓..8©
▓...........▓..:)))...▓..:"
▓...........▓...:[....▓..|}


You could see Dunuh (dazed), Oruceola (dazed), a gelid warmonger (dazed), a
gelid black sun (dazed), an orange demon (dazed), a neqoxec (dazed) and a
friendly daeva.

Vanquished Creatures
  2 cacodemons (D)
  A reaper (D)
  A hell hog (D)
  An orc high priest (D)
  A sun demon (D)
  A spriggan druid (D)
  4 wolf spiders (D)
  An orc knight (D)
  4 orc sorcerers (D)
  2 toenail golems (D)
  2 gargoyles (D)
  A hellion (D)
  A tormentor (D)
  A demonic crawler (D)
  A red devil (D)
  A troll (D)
  6 jumping spiders (D)
  A hornet (D)
  A flying skull (D)
  7 redbacks (D)
  A shadow (D)
  5 tarantellas (D)
  3 spriggans (D)
  A ynoxinul (D)
  A chaos spawn (D)
  5 insubstantial wisps (D)
  3 wargs (D)
  2 porcupines (D)
  A black bear (D)
  A hell hound (D)
  8 orc warriors (D)
  3 ogres (D)
  2 wolves (D)
  2 earth elementals (D)
  7 scorpions (D)
  A wight (D)
  2 crimson imps (D)
  An iron imp (D)
  3 orc priests (D)
  An orc wizard (D)
  An iguana (D)
  An adder (D)
  A gnoll (D)
  A river rat (D)
  A shadow imp (D)
  An adder skeleton (D)
  An orc (D)
  A bat skeleton (D)
  A bat zombie (D)
  A ball python (D)
  A ball python skeleton (D)
  A jackal skeleton (D)
105 creatures vanquished.

Vanquished Creatures (others)
  An orange demon (D)
  A ynoxinul (D)
  A large abomination (D)
3 creatures vanquished.

Grand Total: 108 creatures vanquished

Notes
Turn   | Place    | Note
-------+----------+-------------------------------------------
     0 | D        | Found the +6 Majin-Bo {vamp, Archmagi MP+6 Int+6}
     0 | D        | Found the +7 great mace "Firestarter" {inner flame, rF++}
     0 | D        | Faca the Formicid Fighter began the quest for the Orb.
     0 | D        | Reached XP level 1. HP: 18/18 MP: 1/1
     3 | D        | Found a blossoming altar of Fedhas.
     5 | D        | Found a viscous altar of Jiyva.
     5 | D        | Found a hazy altar of Hepliaklqana.
     5 | D        | Found a transporter.
     5 | D        | Found an opulent altar of Gozag.
     5 | D        | Found an ancient bone altar of Kikubaaqudgha.
     5 | D        | Found a corrupted altar of Lugonu.
    12 | D        | Found a burning altar of Makhleb.
    13 | D        | Found a sacrificial altar of Ru.
    13 | D        | Found a stormy altar of Qazlal.
    13 | D        | Found a deep blue altar of Sif Muna.
    13 | D        | Found an iron altar of Okawaru.
    13 | D        | Found a bloodstained altar of Trog.
    13 | D        | Found a sparkling altar of Nemelex Xobeh.
    30 | D        | Found the +6 shillelagh "Devastator" {shatter}
    30 | D        | Found the +11 plutonium sword {*Contam Stlth-}
    30 | D        | Found the +8 lance "Wyrmbane" {slay drac, rPois rF+ rC+
                  | AC+3}
    30 | D        | Found the +9 sword of Zonguldrok {reap}
    30 | D        | Found the cursed +13 scythe of Curses {drain, *Curse}
    30 | D        | Found the +0 sword of Power
    30 | D        | Found the +7 mace of Variability {chain chaos}
    30 | D        | Found the +7 Singing Sword
    30 | D        | Found the +7 longbow "Piercer" {penet, EV-2}
    32 | D        | Found the +9 heavy crossbow "Sniper" {velocity, Acc+∞ SInv}
    32 | D        | Found the +10 dark maul {crush}
    32 | D        | Found the +15 Maxwell's patent armour {-Cast -Tele rElec
                  | MR+ rCorr}
    32 | D        | Found the +18 shield of the Gong {rElec rN+ MR+ EV-5}
    32 | D        | Found the cursed +14 obsidian axe {chop, +Fly SInv *Curse}
    77 | D        | Became a worshipper of the Shining One
    96 | D        | Reached skill level 6 in Fighting
    96 | D        | Reached skill level 5 in Axes
    96 | D        | Reached XP level 2. HP: 29/29 MP: 2/2
   103 | D        | Entered arena 2.
   103 | D        | Found a transporter.
   118 | D        | Entered arena 3.
   118 | D        | Reached * piety under the Shining One
   118 | D        | Found a transporter.
   123 | D        | Reached skill level 7 in Fighting
   123 | D        | Reached XP level 3. HP: 6/37 MP: 3/3
   124 | D        | Reached skill level 8 in Fighting
   124 | D        | Reached XP level 4. HP: 7/44 MP: 4/4
   132 | D        | Got the ring of Ibbais {rF+ rN++ Stlth-}
   388 | D        | Entered arena 4.
   388 | D        | Noticed a porcupine
   388 | D        | Reached ** piety under the Shining One
   388 | D        | Noticed a porcupine
   388 | D        | Found a transporter.
   390 | D        | Killed a porcupine
   390 | D        | Reached skill level 9 in Fighting
   390 | D        | Reached XP level 5. HP: 53/53 MP: 5/5
   392 | D        | Killed a porcupine
   392 | D        | Reached skill level 10 in Fighting
   392 | D        | Reached XP level 6. HP: 61/61 MP: 6/6
   395 | D        | Reached skill level 11 in Fighting
   407 | D        | Entered arena 5.
   407 | D        | Noticed a jumping spider
   407 | D        | Noticed a tarantella
   407 | D        | Reached *** piety under the Shining One
   407 | D        | Found a transporter.
   414 | D        | Killed a tarantella
   414 | D        | Reached skill level 10 in Axes
   414 | D        | Reached skill level 5 in Armour
   414 | D        | Reached XP level 7. HP: 32/68 MP: 7/7
   420 | D        | Killed a jumping spider
   420 | D        | Reached skill level 12 in Fighting
   420 | D        | Reached XP level 8. HP: 39/78 MP: 8/8
   595 | D        | Entered arena 6.
   595 | D        | Found a transporter.
   607 | D        | Reached skill level 13 in Fighting
   621 | D        | Entered arena 7.
   621 | D        | Noticed a toenail golem
   621 | D        | Reached **** piety under the Shining One
   621 | D        | Noticed a gargoyle
   621 | D        | Noticed a gargoyle
   621 | D        | Noticed a toenail golem
   630 | D        | Killed a toenail golem
   630 | D        | Reached XP level 9. HP: 65/86 MP: 9/9
   631 | D        | Killed a toenail golem
   631 | D        | Reached skill level 14 in Fighting
   631 | D        | Reached skill level 10 in Armour
   633 | D        | Killed a gargoyle
   635 | D        | Killed a gargoyle
   642 | D        | Found a transporter.
   945 | D        | Entered arena 8.
   945 | D        | Noticed a wolf spider
   945 | D        | Reached ***** piety under the Shining One
   950 | D        | Reached XP level 10. HP: 84/95 MP: 10/10
   952 | D        | Reached skill level 15 in Fighting
   956 | D        | Killed a wolf spider
   962 | D        | Found a transporter.
  1106 | D        | Entered arena 9.
  1106 | D        | Noticed a spriggan druid
  1117 | D        | Killed a spriggan druid
  1118 | D        | Reached skill level 16 in Fighting
  1121 | D        | Found a transporter.
  1197 | D        | Entered arena 10.
  1197 | D        | Reached ****** piety under the Shining One
  1202 | D        | Reached skill level 1 in Invocations
  1206 | D        | Found a transporter.
  1216 | D        | Got the ring "Gucotaph" {Int+2 Slay+4}
  1222 | D        | Entered arena 11.
  1222 | D        | Noticed a wolf spider
  1222 | D        | Noticed a wolf spider
  1226 | D        | Reached skill level 15 in Axes
  1228 | D        | Reached XP level 11. HP: 105/105 MP: 11/13
  1229 | D        | Killed a wolf spider
  1237 | D        | Killed a wolf spider
  1237 | D        | Reached skill level 5 in Invocations
  1241 | D        | Found a transporter.
  1542 | D        | Got the cursed ring "Roxikac" {Str-2 Dex+2}
  1570 | D        | Entered arena 12.
  1570 | D        | Noticed a hell hog
  1571 | D        | Noticed a reaper
  1581 | D        | Reached skill level 17 in Fighting
  1581 | D        | Reached skill level 5 in Shields
  1588 | D        | Killed a hell hog
  1593 | D        | HP: 5/107 [red devil/trident (8)]
  1599 | D        | Killed a reaper
  1600 | D        | Found a transporter.
  1909 | D        | Entered arena 13.
  1909 | D        | Noticed an orc sorcerer
  1909 | D        | Noticed an orc high priest
  1909 | D        | Noticed an orc sorcerer
  1911 | D        | Noticed an orc sorcerer
  1913 | D        | Found a transporter.
  1914 | D        | Killed an orc sorcerer
  1914 | D        | Reached skill level 1 in Maces & Flails
  1915 | D        | Noticed a sixfirhy
  1917 | D        | Killed an orc sorcerer
  1920 | D        | Killed an orc sorcerer
  1920 | D        | Reached skill level 18 in Fighting
  1920 | D        | Reached skill level 10 in Invocations
  1920 | D        | Reached XP level 12. HP: 66/116 MP: 19/19
  1930 | D        | Killed an orc high priest
  1939 | D        | Got the +1 large shield "Jivuc" {rF+ SInv}
  1946 | D        | Got the ring "Ditro" {MR+ Int+3}
  2184 | D        | Entered arena 14.
  2190 | D        | Found the +8 trident of the Octopus King {venom, rElec
                  | rPois MR+}
  2198 | D        | Reached skill level 10 in Shields
  2288 | D        | Found a transporter.
  2294 | D        | Got the amulet "Nutad" {Reflect +Fly SH+5}
  2297 | D        | Got the ring of Seit {Ice +Inv rElec Str+3 Slay-2}
  2305 | D        | Got the ring "Ynkig" {Dex+5 Stlth+}
  2310 | D        | Entered arena 15.
  2475 | D        | Found a transporter.
  2524 | D        | Got the +0 cloak "Emiwkinnur" {*Corrode MR+ Int+7 Dex+4}
  2533 | D        | Entered arena 16.
  2539 | D        | Noticed a gelid warmonger
  2539 | D        | Noticed a sun demon
  2539 | D        | Noticed a cacodemon
  2540 | D        | Noticed Dunuh the pandemonium lord
  2540 | D        | Noticed a cacodemon
  2540 | D        | Noticed a gelid black sun
  2543 | D        | Noticed Oruceola the pandemonium lord
  2552 | D        | Identified a +7 battleaxe of holy wrath (a +5 battleaxe
                  | blessed by the Shining One)
  2552 | D        | Received a gift from the Shining One
  2552 | D        | Reached skill level 19 in Fighting
  2554 | D        | Killed a cacodemon
  2554 | D        | Killed a cacodemon
  2556 | D        | Killed a sun demon
  2556 | D        | Mangled by Oruceola the pandemonium lord

Vault maps used:
D:        sprint_v

Skill      XL: |  1  2  3  4  5  6  7  8  9 10 11 12 |
---------------+-------------------------------------+-----
Fighting       | 6 7 8 9 10 11 12 13 14 16 18 19 | 19.2
Axes           | 5 6 7 8 9 10 11 12 13 15 16 | 16.6
Armour         | 5 7 9 11 13 | 13.1
Invocations    | 2 10 13 | 13.1
Shields        | 9 12 | 12.4
Maces & Flails | 3 4 |  4.1

Action                   |  1- 3 |  4- 6 |  7- 9 | 10-12 || total
-------------------------+-------+-------+-------+-------++-------
Melee: Broad axe         |    12 |     9 |    35 |   126 ||   182
       Battleaxe         |       |       |       |     8 ||     8
Invok: Cleansing Flame   |       |       |       |     1 ||     1
       Summon Divine War |       |       |       |     1 ||     1
       Brand Weapon With |       |       |       |     1 ||     1
  Use: Potion            |     1 |       |       |     4 ||     5
       Scroll            |       |     4 |       |     2 ||     6
  Eat: Chunk             |       |       |       |     2 ||     2
       Ration            |       |       |       |     1 ||     1
Armor: Plate armour      |     5 |    12 |     7 |       ||    24
       Gold dragon scale |       |       |     1 |   155 ||   156
Dodge: Dodged            |     2 |     4 |       |    33 ||    39
Block: Shield            |    11 |     7 |    19 |   162 ||   199

Table legend:
 A = Non-vault XP
 B = Vault XP
 C = Vault XP percentage of total XP
 D = Non-vault monster count
 E = Vault monster count
 F = Vault count percentage of total count
                 A         B        C        D         E       F
            +---------+---------+-------+---------+---------+-------
      Total |       0 |   26148 | 100.0 |       0 |     108 | 100.0
            +---------+---------+-------+---------+---------+-------
          D |       0 |   26148 | 100.0 |       0 |     108 | 100.0
            +---------+---------+-------+---------+---------+-------
